 Dungeon Crawl Stone Soup version 0.17-a0-1887-g3e50df6 (webtiles) character file.

94 ololoev the Chopper (level 4, -5/61 HPs)
             Began as a Minotaur Berserker on Sept 23, 2015.
             Was a Follower of Trog.
             Slain by a slave (7 damage)
             ... led by Pikel
             ... on level 4 of the Dungeon.
             The game lasted 00:02:30 (325 turns).

ololoev the Chopper (Minotaur Berserker)             Turns: 325, Time: 00:02:30

Health: -5/61      AC:  2    Str: 27    XL:     4   Next: 38%
Magic:  3/3        EV: 12    Int:  4    God:    Trog [*.....]
Gold:   15         SH:  0    Dex: 10    Spells: 0 memorised, 3 levels left

rFire  . . .     SeeInvis .     a - +0 hand axe
rCold  . . .     Clarity  .     b - +0 animal skin
rNeg   . . .     SustAt   .     (no shield)
rPois  .         Gourm    .     (helmet restricted)
rElec  .         Spirit   .     (no cloak)
rCorr  .         Warding  .     (no gloves)
rMut   .         Stasis   .     (no boots)
MR     .....                    (no amulet)
Stlth  ..........               (no ring)
                                (no ring)

@: berserking, very quick, not resistant to hostile enchantments, extremely
unstealthy
A: retaliatory headbutt, horns 2
a: Burn Spellbooks, Berserk, Renounce Religion


Innate Abilities, Weirdness & Mutations

You reflexively headbutt those who attack you in melee.
You have a pair of horns on your head.

Inventory:

Hand weapons
 a - a +0 hand axe (weapon)
Armour
 b - a +0 animal skin (worn)
Scrolls
 e - a scroll of immolation {unknown}
 g - 3 scrolls of magic mapping {unknown}
Potions
 f - a potion of heal wounds {unknown}
 i - a potion of invisibility {unknown}
Comestibles
 c - a bread ration
 d - a meat ration
 h - 3 chunks of flesh
 j - a slice of pizza


   Skills:
 + Level 4.3 Fighting
 * Level 5.2 Axes
 + Level 3.4 Armour
 - Level 2.1 Dodging


You had 3 spell levels left.
You didn't know any spells.


You were on level 4 of the Dungeon.
You worshipped Trog.
Trog was aware of your devotion.
You were not hungry.

You visited 1 branch of the dungeon, and saw 4 of its levels.

You collected 15 gold pieces.

# # ####.
#####..
.....###.......
.............
...........#
........p..#
.......@poo#
..[...pKSc.....
...[...a...o§..
..........$....
.....#.........
###............
.. #.........
... #.#.#.#.##

Notes
Turn   | Place    | Note
--------------------------------------------------------------
     0 | D:1      | ololoev the Minotaur Berserker began the quest for the Orb.
     0 | D:1      | Reached XP level 1. HP: 19/19 MP: 0/0
   193 | D:2      | Reached skill level 4 in Axes
   217 | D:3      | Noticed a black bear
   220 | D:3      | Killed a black bear
   220 | D:3      | Reached skill level 5 in Axes
   220 | D:3      | Reached XP level 2. HP: 28/28 MP: 1/1
   220 | D:3      | Reached XP level 3. HP: 34/34 MP: 2/2
   220 | D:3      | Reached XP level 4. HP: 41/41 MP: 3/3
   246 | D:3      | Found a radiant altar of Vehumet.
   246 | D:3      | Found a burning altar of Makhleb.
   247 | D:3      | Found a bloodstained altar of Trog.
   318 | D:4      | Noticed Pikel
   318 | D:4      | Noticed a slave
   318 | D:4      | Noticed a slave
   318 | D:4      | Noticed a slave
   318 | D:4      | Noticed a slave
   318 | D:4      | Noticed a centaur
   323 | D:4      | Killed a slave
   325 | D:4      | HP: 2/61 [slave[Pikel] (6)]
   325 | D:4      | Slain by a slave

Dungeon Overview and Level Annotations

Branches:
Dungeon (4/15)
 Temple: D:4-7

Altars:
Makhleb
Trog
Vehumet

Annotations:
D:4 Pikel


Message History

The orc wizard blinks!
You barely miss Pikel. Your headbutt misses Pikel.
Pikel is moderately wounded.
You hit the slave.
The slave is moderately wounded.
You barely miss the slave.
The slave is severely wounded.
The slave misses you. The slave hits you!
You hit Pikel.
Pikel is moderately wounded.
You hit the slave.
The slave is moderately wounded.
You hit the slave but do no damage.
The slave is moderately wounded.
You closely miss the slave.
The slave is severely wounded.
Pikel hits you with a whip of electrocution.
You are electrocuted!
The slave barely misses you. You furiously retaliate!
You headbutt the slave!!
You kill the slave!
That felt strangely unrewarding.
You closely miss Pikel. You headbutt Pikel!
Pikel is heavily wounded.
You hit the slave.
The slave is moderately wounded.
You closely miss the slave.
The slave is severely wounded.
The slave barely misses you. The slave hits you!
Pikel says, "You'll fetch a fair price!"
Pikel hits you with a whip of electrocution.
You slash Pikel! Your headbutt misses Pikel.
Pikel is severely wounded.
You hit the adder.
The adder is moderately wounded.
You slash the slave!
The slave is severely wounded.
You slash the slave!
The slave is almost dead.
You closely miss the slave. The slave hits you. The slave hits you!
You die...

You could see Pikel, 3 slaves, a centaur, a worker ant, 2 orc wizards, an adder and an orc.

Vanquished Creatures
  A black bear (D:3)
  A slave (D:4)
  A giant cockroach (D:2)
  A hobgoblin (D:2)
  A jackal (D:3)
  3 kobolds
  A bat (D:3)
  A giant newt (D:2)
  A rat (D:2)
11 creatures vanquished.

Action                   |  1- 3 |  4- 6 || total
-------------------------+-------+-------++-------
Melee: Hand axe          |    15 |     8 ||    23
Invok: Berserk           |     1 |     1 ||     2

Vault maps used:
D:1:      saegor_arrival_simple_b
D:2:      led_sif_pool, serial_corexii_hall, corexii_hall_statues_s,
          corexii_hall_statues_x, first_bread, wad_floor_pattern_untrapped,
          uniq_sigmund
D:3:      nicolae_overflow_hidden_temple, grunt_decor_fettered
D:4:      minmay_temple_entry_poolview, glass_columns_b, uniq_pikel
